 Seeded DCSS version 0.29-a0-911-g88e6f02907 (webtiles) character file.

Game seed: 696969 (custom seed)

5 purpskrrrp the Sneak (level 1, 0/9 HPs)
             Began as a Vine Stalker Enchanter on July 25, 2022.
             Slain by a jackal (1 damage)
             ... on level 1 of the Dungeon.
             The game lasted 00:00:55 (96 turns).

purpskrrrp the Sneak (Vine Stalker Enchanter)         Turns: 96, Time: 00:00:56

Health: 0/9        AC:  2    Str: 10    XL:     1   Next: 80%
Magic:  0/4        EV: 12    Int: 15    God:
Gold:   12         SH:  0    Dex: 14    Spells: 4/4 levels left

rFire   . . .      SeeInvis .   a - +1 dagger
rCold   . . .      Faith    .   (no shield)
rNeg    . . .      Spirit   +   b - +0 robe
rPois   .          Reflect  .   (no helmet)
rElec   .          Harm     .   (no cloak)
rCorr   .          Rampage  .   (no gloves)
Will    .....                   (no boots)
Stlth   +++.......              (no amulet)
HPRegen 0.03/turn               (no ring)
MPRegen 0.09/turn               (no ring)

@: no status effects
A: fangs 2, magic shield, antimagic bite, no potion heal 2
a: no special abilities


You were on level 1 of the Dungeon.
You visited 1 branch of the dungeon, and saw 1 of its levels.

You collected 12 gold pieces.

Inventory:

Hand Weapons
 a - a +1 dagger (weapon)
Armour
 b - a +0 robe (worn)
Potions
 c - 2 potions of invisibility


   Skills:
 + Level 0.8 Short Blades
 - Level 1.5 Dodging
 + Level 4.2 Stealth
 - Level 2.1 Spellcasting
 - Level 3.0 Hexes


You had 4 spell levels left.
You didn't know any spells.
Your spell library contained the following spells:

 Spells                   Type           Power      Damage    Failure   Level
 Ensorcelled Hibernation  Hex/Ice        12%        N/A       19%         2
 Confusing Touch          Hex            10%        N/A       19%         3
 Tukima's Dance           Hex            10%        N/A       19%         3
 Dazzling Flash           Conj/Hex       12%        N/A       34%         3


Dungeon Overview and Level Annotations

Branches:
Dungeon (1/15)

Altars:


Innate Abilities, Weirdness & Mutations

You have extremely sharp teeth.
When hurt, damage is shared between your health and your magic reserves.
Your bite disrupts and absorbs the magic of your enemies.
Potions cannot restore your health.


Message History

You barely miss the jackal. The jackal misses you.
You hit the jackal. Your bite misses the jackal.
The jackal is lightly wounded.
The jackal barely misses you.
You completely miss the jackal.
The jackal is lightly wounded.
The jackal closely misses you. The jackal bites you.
You barely miss the jackal.
The jackal is lightly wounded.
The jackal bites you. The jackal closely misses you. The jackal bites you.
You are too injured to fight recklessly!
You are too injured to fight recklessly!
The jackal closely misses you. The jackal attacks as you move away!
The jackal closely misses you. The jackal bites you.
You hit the jackal. Your bite misses the jackal.
The jackal is moderately wounded.
The jackal completely misses you.
You barely miss the jackal.
The jackal is moderately wounded.
The jackal bites you.
* * * LOW HITPOINT WARNING * * *
The jackal completely misses you. The jackal attacks as you move away!
The jackal barely misses you. The jackal attacks as you move away!
The jackal barely misses you. The jackal attacks as you move away!
The jackal bites you but does no damage.
A giant cockroach comes into view.
Found 13 gold pieces.
The jackal closely misses you. The jackal attacks as you move away!
The jackal completely misses you. The jackal attacks as you move away!
The jackal bites you.
You barely miss the jackal. Your bite misses the jackal. The jackal misses you.
The jackal bites you.
* * * LOW HITPOINT WARNING * * *
The jackal bites you but does no damage.
The jackal barely misses you. The jackal closely misses you.
The jackal attacks as you move away! The jackal barely misses you.
The jackal attacks as you move away! The jackal misses you.
The jackal bites you.
You die...

#.#...##### ..$
#..#.rh...# .....
##.#.####.# ....B
#.......#.# ....
#..#.##.#.#####....
#.....#........#
#..#..#......(.#
##.#..#.......r########.
.# #..#.......hh@.......
.. #..##......h.....####
. ....##.#.........# .
.... #...........#
#...........#
#.......##### #.......#
#.......###
#.........######


You could see a quokka and 3 jackals.

Vanquished Creatures
  A ball python (D:1)
  An endoplasm (D:1)
  A jackal (D:1)
  A quokka (D:1)
4 creatures vanquished.

Notes
Turn   | Place    | Note
-------+----------+-------------------------------------------
     0 | D:1      | purpskrrrp the Vine Stalker Enchanter began the quest for
                  | the Orb.
     0 | D:1      | Reached XP level 1. HP: 9/9 MP: 4/4
    49 | D:1      | Reached skill level 4 in Stealth
    96 | D:1      | Slain by a jackal

Illustrated notes

Levels and vault maps discovered:
D:1:      lemuel_arrival_broad_hall, layout_basic, serial_bayou_pond_b,
          chequers_serial_rivers_micro_a, nicolae_concentric_dashed_squares_wild

Skill      XL: |  1 |
---------------+----+-----
Stealth        | 4 |  4.2
Short Blades   | |  0.8
Dodging        | |  1.5
Spellcasting   | |  2.1
Hexes          | |  3.0

Action                   || total
-------------------------++-------
Melee: Dagger            ||    18
       Bite              ||     1
 Stab: Sleeping          ||     1
Armor: Robe              ||     3
Dodge: Dodged            ||    24

Table legend: (Time is in decaauts)
 A = Elapsed time spent in this place.
 B = Non-inter-level travel time spent in this place.
 C = Inter-level travel time spent in this place.
 D = Time resting spent in this place.
 E = Time spent auto-exploring this place.
 F = Levels seen in this place.
 G = Mean time per level.
                   A        B        C        D        E       F      G
               +--------+--------+--------+--------+--------+-----+--------+
         Total |     95 |     95 |      0 |      0 |     46 |   1 |   95.0 |
       Dungeon |     95 |     95 |      0 |      0 |     46 |   1 |   95.0 |
               +--------+--------+--------+--------+--------+-----+--------+

Top non-repeatable levels by time:
     D:1: 95 daAuts
